 Dungeon Crawl Stone Soup version 0.22-a0-803-gd6d8abeff0 (webtiles) character file.

15275 Htamos the Protected (level 11, 0/159 HPs)
             Began as a Deep Dwarf Berserker on July 22, 2018.
             Was a Priest of Trog.
             Shot with an arrow by a centaur (7 damage)
             ... led by a centaur warrior
             ... on level 13 of the Dungeon.
             The game lasted 00:18:52 (10175 turns).

Htamos the Protected (Deep Dwarf Berserker)        Turns: 10175, Time: 00:18:53

Health: 0/159      AC: 18    Str: 27    XL:     11   Next: 99%
Magic:  11/11      EV:  9    Int: 13    God:    Trog [***...]
Gold:   627        SH:  8    Dex: 10    Spells: 10/10 levels left

rFire    + + .     SeeInvis +   u - +10 trident "Transmigrator" {pain, rC+ Int+4}
rCold    + . .     Gourm    .   y - +0 shield
rNeg     . . .     Faith    .   s - +0 plate armour
rPois    .         Spirit   .   x - +1 hat
rElec    +         Reflect  .   (no cloak)
rCorr    .         Harm     .   (no gloves)
MR       +....                  p - +0 pair of boots
Stlth    ..........             (no amulet)
HPRegen  0.00/turn              q - ring "Miunukk" {rElec rF++ Str+2 Dex-5 SInv}
MPRegen  0.12/turn              B - +1 ring of protection

@: berserking (expiring), non-regenerating, very quick
A: damage resistance, heal wounds, sense surroundings 2, no regeneration
a: Heal Wounds, Berserk, Trog's Hand, Renounce Religion


You were on level 13 of the Dungeon.
You worshipped Trog.
Trog was most pleased with you.
You were very hungry.

You visited 1 branch of the dungeon, and saw 13 of its levels.

You collected 627 gold pieces.

Inventory:

Hand Weapons
 a - a +0 hand axe
 d - a +3 whip of draining
 u - the +10 trident "Transmigrator" (weapon) {pain, rC+ Int+4}
   (You found it on level 5 of the Dungeon)

   In the hands of one skilled in necromantic magic, it inflicts extra damage on
   living creatures.
   It affects your intelligence (+4).
   It protects you from cold.
 C - the +7 trident of Expedience {pain, SInv, unknown}
   (You found it on level 9 of the Dungeon)

   In the hands of one skilled in necromantic magic, it inflicts extra damage on
   living creatures.
   It lets you see invisible.
Armour
 e - a +0 chain mail
 p - a +0 pair of boots (worn)
 s - a +0 plate armour (worn)
 x - a +1 hat (worn)
 y - a +0 shield (worn)
Jewellery
 q - the ring "Miunukk" (left hand) {rElec rF++ Str+2 Dex-5 SInv}
   (You found it on level 4 of the Dungeon)

   [ring of see invisible]

   It affects your strength (+2).
   It affects your dexterity (-5).
   It greatly protects you from fire.
   It insulates you from electricity.
   It lets you see invisible.
 r - an uncursed ring of protection from cold
 B - a +1 ring of protection (right hand)
 I - an uncursed ring of stealth {unknown}
Wands
 D - a wand of scattershot (3)
 E - a wand of polymorph (14)
 F - a wand of paralysis (11)
 G - a wand of disintegration (13)
Scrolls
 j - a scroll of blinking
 l - 3 scrolls of teleportation
 m - 5 scrolls of remove curse
 n - a scroll of amnesia
 t - 3 scrolls of fear
 A - 2 scrolls of fog
 H - 2 scrolls of identify
Potions
 b - 2 potions of degeneration {unknown}
 f - 2 potions of flight {unknown}
 g - 6 potions of curing
 h - a potion of might {unknown}
 i - a potion of agility {unknown}
 k - 2 potions of haste
 v - a potion of brilliance {unknown}
 w - 2 potions of lignification {unknown}
 z - 2 potions of heal wounds {unknown}
Comestibles
 c - 21 rations
 o - 8 chunks of flesh


   Skills:
 + Level 9.4 Fighting
 - Level 6.5(9.1) Axes
 + Level 8.2(9.0) Polearms
 + Level 10.7 Armour
 + Level 10.7 Dodging


You had 10 spell levels left.
You didn't know any spells.
Your spell library was empty.

Dungeon Overview and Level Annotations

Branches:
Dungeon (14/15)            Temple (0/1) D:7
   Lair: D:8-11         Orc: D:9-12      Vaults: D:13-14

Altars:
Ashenzari
Elyvilon
Fedhas
Hepliaklqana
Kikubaaqudgha
Nemelex Xobeh
Okawaru
Ru
Sif Muna
Trog
Wu Jian


Innate Abilities, Weirdness & Mutations

You are resistant to damage.
You can heal yourself by infusing magical energy.
You passively map the area around you.
You do not regenerate.


Message History

You feel less resistant to hostile enchantments.
The centaur warrior shoots an arrow.
The arrow hits you!
* * * LOW HITPOINT WARNING * * *
You hear a shout!
You puncture the polar bear!
The polar bear is almost dead.
The centaur shoots an arrow.
The arrow hits you.
The polar bear bites you but does no damage.
The polar bear claws you but does no damage. x2
You impale the polar bear!!
You kill the polar bear!
Trog accepts your kill.
The centaur warrior shoots an arrow.
The arrow hits you but does no damage.
You hear a shout!
You hear a shout!
Items here: )) [ ††† You feel a strong urge to attack something.
A shadow comes into view.
The centaur shoots an arrow.
The arrow hits you!
You die...

..............##.......#..#
*.. ,
............c.##.......#..#
* .
..........###.##.......#..#
..........# #[##.......#..#
* .......o..#
#.##.......#..# ,
..........# #.##...(...# ,
, , ..........#
#(##....W..#, * ..........#
#[##..###.......
..........# #.@...#
*....... ..####.)# #.....#
......# , ,, , #.....#
*.....##* * , , , * *
#..##.# ....... ,* ,
#..##.# h....##** , ,,
,...##.# *...... , ,
,*#...# .# *,, ,, ,, *
,*#...# , * * , * *, ,


You could see a shadow and a centaur.

Vanquished Creatures
  3 two-headed ogres
  2 dancing weapons (D:13)
  A deep elf mage (D:10)
  2 ugly things
  A cyclops (D:11)
  A salamander (shapeshifter) (D:10)
  3 trolls
  A troll (shapeshifter) (D:13)
  2 polar bears (D:13)
  2 hippogriffs
  A vampire (D:11)
  3 yaks (D:10)
  4 hogs (D:8)
  A human (D:8)
  2 water moccasins
  5 orc warriors
  3 ice beasts
  3 black bears
  3 phantoms
  5 necrophages (D:7)
  4 ogres
  2 centaurs
  A crocodile (D:10)
  7 bullfrogs
  A water moccasin zombie (D:10)
  4 scorpions
  A wyvern skeleton (D:9)
  10 killer bees
  12 wights
  4 howler monkeys
  An electric eel (D:7)
  8 crimson imps
  A bullfrog zombie (D:7)
  2 centaur zombies (D:10)
  2 bullfrog skeletons
  9 orc wizards
  4 orc priests
  6 hounds
  Jessica (D:3)
  2 iguanas
  7 worker ants
  2 hound zombies
  2 hound skeletons
  4 worker ant zombies
  8 gnolls
  13 adders
  A shadow imp (D:10)
  3 oozes
  An adder zombie (D:8)
  An adder skeleton (D:6)
  4 worms
  2 dart slugs (D:3)
  6 leopard geckos
  48 orcs
  6 bats
  6 giant cockroaches
  13 goblins
  14 hobgoblins
  10 jackals
  6 quokkas
  A ball python (D:1)
  5 frilled lizards
  A jackal skeleton (D:6)
  13 kobolds
  A leopard gecko zombie (D:5)
  A quokka skeleton (D:9)
  A quokka zombie (D:9)
  9 rats
  2 bushes (D:7)
321 creatures vanquished.

Vanquished Creatures (collateral kills)
  A hydra (D:9)
  The ghost of Flugkiller the Cleaver, a novice MiFi of Qazlal (D:9)
  3 yaks (D:10)
5 creatures vanquished.

Vanquished Creatures (others)
  10 plants
10 creatures vanquished.

Grand Total: 336 creatures vanquished

Notes
Turn   | Place    | Note
-------+----------+-------------------------------------------
     0 | D:1      | Htamos the Deep Dwarf Berserker began the quest for the Orb.
     0 | D:1      | Reached XP level 1. HP: 20/20 MP: 1/1
   126 | D:1      | Reached XP level 2. HP: 21/27 MP: 2/2
   922 | D:2      | Reached XP level 3. HP: 27/34 MP: 3/3
   931 | D:2      | Reached ** piety under Trog
   966 | D:2      | Found an ancient bone altar of Kikubaaqudgha.
   969 | D:2      | Reached XP level 4. HP: 23/42 MP: 4/4
  1373 | D:2      | Reached XP level 5. HP: 43/49 MP: 5/5
  2184 | D:3      | Reached skill level 5 in Axes
  2757 | D:3      | Noticed Jessica
  2762 | D:3      | Killed Jessica
  2764 | D:3      | Found a deep blue altar of Sif Muna.
  2873 | D:3      | Reached *** piety under Trog
  3293 | D:3      | Reached XP level 6. HP: 41/57 MP: 6/6
  3483 | D:4      | Found an iron altar of Okawaru.
  3599 | D:4      | Found a white marble altar of Elyvilon.
  3843 | D:4      | Reached XP level 7. HP: 25/64 MP: 7/7
  3856 | D:4      | Got a twitching lead ring
  4056 | D:5      | Entered Level 5 of the Dungeon
  4116 | D:5      | Found a hazy altar of Hepliaklqana.
  4137 | D:5      | Found a shattered altar of Ashenzari.
  4333 | D:5      | Received a gift from Trog
  4335 | D:5      | Got an iridescent trident
  4336 | D:5      | Identified the +10 trident "Transmigrator" {pain, rC+ Int+4} (You found it on level 5 of the Dungeon)
  4491 | D:5      | Reached skill level 1 in Polearms
  4620 | D:5      | Reached skill level 5 in Armour
  4687 | D:5      | Reached skill level 5 in Dodging
  4696 | D:5      | Reached XP level 8. HP: 57/73 MP: 8/8
  4705 | D:5      | Identified the ring "Miunukk" {rElec rF++ Str+2 Dex-5 SInv} (You found it on level 4 of the Dungeon)
  5046 | D:6      | Reached skill level 5 in Fighting
  5127 | D:6      | Reached **** piety under Trog
  5800 | D:7      | Found a sparkling altar of Nemelex Xobeh.
  5813 | D:7      | Found a blossoming altar of Fedhas.
  5953 | D:7      | Found an ornate altar of the Wu Jian Council.
  5980 | D:7      | Found a sacrificial altar of Ru.
  6054 | D:7      | Gained mutation: You passively map the area around you. [Deep Dwarf growth]
  6054 | D:7      | Reached XP level 9. HP: 58/82 MP: 9/9
  6084 | D:7      | Found a staircase to the Ecumenical Temple.
  6947 | D:8      | Noticed a two-headed ogre
  6954 | D:8      | Killed a two-headed ogre
  6954 | D:8      | Reached skill level 5 in Polearms
  7031 | D:8      | Reached XP level 10. HP: 72/92 MP: 10/10
  7802 | D:9      | Found a runed gate.
  7802 | D:9      | Found a runed gate.
  7802 | D:9      | Found a runed gate.
  7802 | D:9      | Noticed Flugkiller's ghost (novice MiFi)
  7802 | D:9      | Noticed a ten-headed hydra
  8083 | D:9      | Found a bloodstained altar of Trog.
  8282 | D:9      | Got an ancient trident
  8289 | D:9      | Killed a ten-headed hydra
  8295 | D:9      | Killed Flugkiller's ghost
  8361 | D:10     | Entered Level 10 of the Dungeon
  8371 | D:10     | Found a runed door.
  9071 | D:10     | Reached XP level 11. HP: 52/103 MP: 11/11
  9086 | D:10     | Found a runed door.
  9527 | D:10     | Noticed a deep elf mage
  9539 | D:10     | Killed a deep elf mage
  9783 | D:11     | Noticed a two-headed ogre
  9791 | D:11     | Killed a two-headed ogre
  9791 | D:11     | Reached skill level 10 in Armour
  9791 | D:11     | Reached skill level 10 in Dodging
  9844 | D:11     | Noticed a green ugly thing
  9854 | D:11     | Killed a green ugly thing
 10006 | D:11     | You fall through a shaft for 3 floors!
 10026 | D:14     | Noticed a two-headed ogre
 10026 | D:14     | Noticed a two-headed ogre
 10026 | D:14     | Noticed a two-headed ogre
 10026 | D:14     | Noticed a two-headed ogre
 10027 | D:14     | Noticed a two-headed ogre
 10027 | D:14     | Noticed a two-headed ogre
 10027 | D:14     | Noticed an ogre mage
 10052 | D:13     | Killed a two-headed ogre
 10080 | D:13     | Noticed a purple ugly thing
 10098 | D:13     | Killed a purple ugly thing
 10132 | D:13     | Noticed an enchanted long sword
 10132 | D:13     | Noticed an enchanted long sword
 10154 | D:13     | Killed an enchanted long sword
 10158 | D:13     | Killed an enchanted long sword
 10169 | D:13     | Noticed a centaur warrior
 10171 | D:13     | HP: 7/159 [centaur warrior/arrow (6)]
 10175 | D:13     | Shot with an arrow by a centaur

Vault maps used:
D:1:      dpeg_arrival_boxorama
D:2:      lemuel_doored_altar, first_ration
D:3:      tgw_sif, kennysheep_decorative_pillar
D:4:      okawaru_trees_1, elyvilon_altar_5
D:5:      corexii_shantytown, evilmike_ruin_ashenzari, overflow_temple_1_default
D:6:      serial_glass, glass_columns_a, glass_columns_b, item_on_display_a,
          minmay_strange_pillars, due_unseen_surprise, minmay_strange_pillars
D:7:      nemelex_xobeh_ov_fountains_minmay, old_standard_altar,
          nicolae_ru_awakened_eye, fedhas_altar_decomposition,
          minmay_temple_entry_statues_fountains, kennysheep_path_1
D:8:      grunt_livestock
D:9:      gammafunk_ghost_hydra_chop, trog_hazing_becter
D:10:     cheibrodos_histonic
D:11:     lair_entry_dummy, serial_glass, glass_columns_a, glass_columns_a,
          glass_columns_b, glass_columns_a, glass_columns_b, glass_columns_a,
          glass_columns_b, glass_columns_c, st_stairs_4, nrook_uturn,
          tso_metal_star
D:13:     erik_vaults_1, trog_ov_bears_minmay

Skill      XL: |  1  2  3  4  5  6  7  8  9 10 11 |
---------------+----------------------------------+-----
Fighting       | 3 4 5 6 8 9 |  9.4
Axes           | 4 5 6 |  6.5
Armour         | 3 4 5 6 7 9 10 | 10.7
Dodging        | 3 4 5 6 7 9 10 | 10.7
Polearms       | 1 3 5 6 8 |  8.2

Action                   |  1- 3 |  4- 6 |  7- 9 | 10-12 || total
-------------------------+-------+-------+-------+-------++-------
Melee: Hand axe          |    68 |       |       |       ||    68
       Whip              |     8 |   275 |    85 |       ||   368
       Trident           |       |       |   361 |   458 ||   819
Invok: Trog's Hand       |       |     2 |    11 |    13 ||    26
       Berserk           |       |       |     1 |     4 ||     5
       Brothers in Arms  |       |       |       |     3 ||     3
  Use: Scroll            |       |       |     5 |    10 ||    15
       Potion            |       |       |     1 |     3 ||     4
 Stab: Invisible         |       |       |     4 |     3 ||     7
  Eat: Chunk             |       |    10 |    16 |    16 ||    42
       Ration            |       |       |       |     1 ||     1
Armor: Animal skin       |     6 |       |       |       ||     6
       Chain mail        |    33 |   149 |    23 |       ||   205
       Plate armour      |       |       |   172 |   236 ||   408
Dodge: Dodged            |    36 |   135 |   127 |   145 ||   443
Block: Shield            |       |       |    48 |   166 ||   214

Table legend:
 A = Spawn XP
 B = Non-spawn XP
 C = Spawn XP percentage of total XP
 D = Spawn monster count
 E = Non-spawn monster count
 F = Spawn count percentage of total count
 G = Total turns spent on level
                    A         B        C        D         E        F      G
               +---------+---------+-------+---------+---------+-------+---------
         Total |       0 |   21822 |   0.0 |       0 |     324 |   0.0 | 10175
               +---------+---------+-------+---------+---------+-------+---------
           D:1 |       0 |      29 |   0.0 |       0 |      19 |   0.0 |   982
           D:2 |       0 |     192 |   0.0 |       0 |      28 |   0.0 |   772
           D:3 |       0 |     162 |   0.0 |       0 |      22 |   0.0 |  1625
           D:4 |       0 |     453 |   0.0 |       0 |      23 |   0.0 |   677
           D:5 |       0 |     747 |   0.0 |       0 |      53 |   0.0 |   930
           D:6 |       0 |     658 |   0.0 |       0 |      20 |   0.0 |   619
           D:7 |       0 |    1374 |   0.0 |       0 |      24 |   0.0 |  1037
           D:8 |       0 |    3349 |   0.0 |       0 |      31 |   0.0 |   945
           D:9 |       0 |    1715 |   0.0 |       0 |      25 |   0.0 |   774
          D:10 |       0 |    5582 |   0.0 |       0 |      53 |   0.0 |  1395
          D:11 |       0 |    2655 |   0.0 |       0 |      10 |   0.0 |   250
          D:13 |       0 |    4770 |   0.0 |       0 |      13 |   0.0 |   128
          D:14 |       0 |     136 |   0.0 |       0 |       3 |   0.0 |    41
               +---------+---------+-------+---------+---------+-------+---------
